[Event "*** SCC Grand Prix: Titled Tuesday Blitz"]
[Site "Chess.com"]
[Date "2020.06.09"]
[Round "5"]
[White "Haapana"]
[Black "goldenpuppy"]
[Result "1-0"]
[WhiteElo "2394"]
[BlackElo "2204"]
[TimeControl "180+1"]
[EndTime "9:57:31 PDT"]
[Termination "Haapana won by checkmate"]

1. d4 Nf6 2. c4 e6 3. Nf3 c5 4. d5 exd5 5. cxd5 d6 6. Nc3 g6 7. h3 Bg7 8. e4 O-O 9. Bd3 a6 10. a4 Nbd7 11. O-O Ne8 12. Bf4 Ne5 13. Nxe5 Bxe5 14. Bxe5 dxe5 15. f4 Qd6 16. f5 f6 17.
fxg6 hxg6 18. Qd2 Kg7 19. Rf3 Qe7 20. Raf1 Nd6 21. Ne2 Bd7 22. Bc2 Rf7 23. Qc3 Rc8 24. Ng3 b5 25. axb5 Nxb5 26. Qd2 Nd4 27. R3f2 Bb5 28. Re1 Qd6 29. Re3 Rh8 30. Bd1 Rh4 31. Qc3 c4 32. Qd2 Qc5 33. Kh2 Qd6 34. Ne2 Nxe2 35.
Bxe2 Rf8 36. Qc3 Qc5 37. Bf3 Rfh8 38. Rc2 Bd7 39. Be2 Qd4 40. Rg3 Qxe4 41. Qxc4 Qf5 42. Qc7 R8h7 43. Rcc3 e4 44. Qd6 Kf7 45. Rc7 Ke8 46.
Kg1 e3 47. Bg4 Qb1+ 48. Kh2 Bxg4 49. Rxg4 Rxh3+ 50. gxh3 Rxh3+ 51. Kxh3 Qh1+ 52. Kg3 Qg1+ 53. Kf3 Qf2+ 54. Ke4 Qf5+ 55. Kd4 Qxg4+ 56. Kc5 Qe2 57. Re7+ Kf8 58. Qd8# 1-0

[Event "*** SCC Grand Prix: Titled Tuesday Blitz"]
[Site "Chess.com"]
[Date "2020.06.09"]
[Round "5"]
[White "manmanlai1"]
[Black "TST2014"]
[Result "1-0"]
[WhiteElo "2398"]
[BlackElo "2533"]
[TimeControl "180+1"]
[EndTime "9:57:32 PDT"]
[Termination "manmanlai1 won by resignation"]

1. e4 c5 2. Nf3 Nc6 3. Bb5 g6 4. Bxc6 dxc6 5. d3 Bg7 6. Nc3 Nf6 7. Be3 Nd7 8. Qd2 h6 9. O-O e5 10. a3 f5 11. b4 b6 12. exf5 gxf5 13. Rfe1 Kf7 14. g3 Qf6 15. bxc5 bxc5 16. Ne2 e4 17.
Nh4 Ne5 18. Qa5 Be6 19. Nf4 Rhe8 20. Rab1 Bd5 21. Rb7+ Kg8 22. Nh5 Qf7 23. Rxf7 Kxf7 24. Nxg7 Kxg7 25. Rb1 Re7 26. Nxf5+ Kf6 27. Nxe7 Kxe7 28.
dxe4 Bxe4 29. f4 Nf3+ 30. Kf2 Rd8 31. Rb7+ Ke8 32. Qxc5 Rd7 33. Rxd7 Kxd7 34. Qxa7+ Kd6 35. Qc5+ Kd7 36. a4 h5 37. a5 Kc7 38. a6 Kb8 39.
Qb6+ Kc8 40. a7 c5 41. Qxc5+ Kd7 42. Qb6 h4 43. Qb8 h3 44. a8=Q Bxa8 45. Qxa8 Nxh2 46.
Qg8 Ng4+ 47. Qxg4+ Kd6 48. Qxh3 Kd5 49. g4 Kc4 50. g5 Kc3 51. g6 Kxc2 52. g7 Kd1 53.
g8=Q Kc2 54. Qd8 Kb3 55. Qhc8 Ka4 56. Qb6 1-0

[Event "*** SCC Grand Prix: Titled Tuesday Blitz"]
[Site "Chess.com"]
[Date "2020.06.09"]
[Round "5"]
[White "bsnsun"]
[Black "kot60"]
[Result "1/2-1/2"]
[WhiteElo "2454"]
[BlackElo "2359"]
[TimeControl "180+1"]
[EndTime "9:57:32 PDT"]
[Termination "Game drawn - insufficient material"]

1. Nf3 Nf6 2. c4 g6 3. g3 d5 4. d4 Bg7 5. cxd5 Nxd5 6. Bg2 O-O 7. O-O c5 8. dxc5 Na6 9. Nc3 Nxc3 10. bxc3 Qxd1 11. Rxd1 Bxc3 12. Rb1 Nxc5 13. Be3 b6 14. Nd4 Bxd4 15. Bxa8 Bxe3 16. fxe3 Bf5 17. e4 Nxe4 18. Bxe4 Bxe4 19. Rbc1 a5 20. Rc7 e6 21. a4 h5 22. Rd6 Rb8 23. Rdd7 Rf8 24. Ra7 Bc6 25. Rd6 Bxa4 26. Rxb6 Bd1 27. Kf2 a4 28. Rbb7 Bb3 29. e4 e5 30. Re7 Be6 31. Rxa4 Rb8 32. Ra5 Rb2+ 33. Kg1 Bg4 34. Rexe5 Bf3 35. Re7 Rg2+ 36. Kf1 Rxh2 37. Ra8+ Kg7 38. Raa7 Kh6 39. Rxf7 Bxe4 40. Rh7+ Kg5 41. Ra5+ Bf5 42. Rha7 Kg4 43. Ra3 Rh3 44.
R7a4+ Kg5 45. Kg2 h4 46. gxh4+ Rxh4 47. Rg3+ Rg4 48. Rgxg4+ Bxg4 49. Kg3 Bf5 50. Ra5 Kh5 51. Kf4 Kh6 52. Ra8 Kg7 53. Ra7+ Kf6 54. Ra6+ Be6 55.
Rb6 Kf7 56. Kg5 Bf5 57. Rb7+ Ke6 58. Rb5 Kd6 59. Kf4 Kc6 60. Re5 Kd6 61. Ra5 Kc6 62.
Ke3 Kb6 63. Re5 Kc6 64. Kd4 Kd6 65. Ra5 Kc6 66. Kc4 Kd6 67. Rd5+ Ke6 68. Kd4 Kf6 69. Re5 Kg5 70. Ke3 Kg4 71. Kf2 Kf4 72. Ra5 g5 73.
Ra4+ Be4 74. Ra5 g4 75. Ra8 g3+ 76. Kg1 Bf3 77. Rf8+ Ke3 78. Rg8 Kf4 79. Rxg3 Kxg3 1/2-1/2

[Event "*** SCC Grand Prix: Titled Tuesday Blitz"]
[Site "Chess.com"]
[Date "2020.06.09"]
[Round "5"]
[White "IljaJoke"]
[Black "AndrewMaco"]
[Result "0-1"]
[WhiteElo "2497"]
[BlackElo "2673"]
[TimeControl "180+1"]
[EndTime "9:57:33 PDT"]
[Termination "AndrewMaco won by resignation"]

1. d4 Nf6 2. c4 e6 3. g3 c5 4. Nf3 cxd4 5. Nxd4 d5 6. Bg2 e5 7. Nf3 d4 8. O-O Nc6 9. e3 Be7 10. exd4 exd4 11. b4 Nxb4 12. Nxd4 O-O 13. Be3 a6 14. Nc3 Qc7 15. Rc1 Bd7 16. Nd5 Nbxd5 17. cxd5 Qa5 18. Qb3 Qb4 19. Qxb4 Bxb4 20. Rc7 b5 21. Bf4 Rac8 22. d6 Ba5 23. Rcc1 Bb6 24.
Nc6 Kh8 25. h3 h6 26. Ne7 Rxc1 27. Rxc1 Rb8 28. Be5 Ne8 29. Bc6 f6 30. Bf4 g5 31.
Bd2 Rd8 32. Bxd7 Rxd7 33. Rc6 Rxd6 34. Rxd6 Nxd6 35. Nd5 Bd4 36. Be3 Bxe3 37. fxe3 f5 38. Nc7 a5 39. Kf2 Kg7 40. Ke2 Kf6 41. Kd3 Ke5 42. g4 fxg4 43. hxg4 b4 44. Na6 Kd5 45. Nc7+ Ke5 46. Na6 Ne4 47. Kc4 Nf2 48. Kb5 Nxg4 49. Kxa5 h5 50. Nc5 Nxe3 51. Kxb4 h4 52. Nd3+ Ke4 53. Nf2+ Kf3 54. Nh3 g4 55. Ng5+ Kf4 56. Ne6+ Ke5 57. Ng5 h3 0-1

[Event "*** SCC Grand Prix: Titled Tuesday Blitz"]
[Site "Chess.com"]
[Date "2020.06.09"]
[Round "5"]
[White "Jumbo"]
[Black "Bayernbk"]
[Result "1-0"]
[WhiteElo "2816"]
[BlackElo "2465"]
[TimeControl "180+1"]
[EndTime "9:57:33 PDT"]
[Termination "Jumbo won by resignation"]

1. e4 e6 2. d3 d5 3. Nd2 c5 4. Ngf3 g6 5. g3 Bg7 6. Bg2 Ne7 7. O-O b6 8. Re1 Bb7 9. e5 Nbc6 10. Nf1 h6 11. h4 Qc7 12. Bf4 g5 13. hxg5 hxg5 14. Bxg5 Nxe5 15. N1h2 Nf5 16. c3 f6 17. Bf4 O-O-O 18. d4 Nxf3+ 19. Qxf3 Qd7 20. a4 Bh6 21. a5 Bxf4 22. Qxf4 Qd6 23. Qd2 Rdg8 24. axb6 axb6 25. Qe2 cxd4 26. Qxe6+ Qxe6 27. Rxe6 dxc3 28. Rxb6 c2 29. Rc1 Nd4 30. Bf1 Rh4 31. Kg2 Kc7 32. Rb4 Rxh2+ 33. Kxh2 Nf3+ 34. Kg2 d4 35. Rxc2+ Kd6 36. Rxb7 Ne1+ 37.
Kg1 Nxc2 38. Bc4 Rc8 39. b3 Na3 40. Bd3 Nc2 41. Kf1 Na1 42. Bc4 Ke5 43. Ke2 Kf5 44. Kd3 Kg4 45. Kxd4 Kf3 46. Kc3 Kxf2 47. g4 Kg3 48.
Rg7 Rc5 49. Kb2 Nxb3 50. Bxb3 Re5 51. Bc2 Rd5 52. Bf5 Rd4 53. Kc3 Kf4 54. Kxd4 1-0

[Event "*** SCC Grand Prix: Titled Tuesday Blitz"]
[Site "Chess.com"]
[Date "2020.06.09"]
[Round "5"]
[White "Nastya_Rakhmangulova"]
[Black "Love_craft"]
[Result "0-1"]
[WhiteElo "2268"]
[BlackElo "2432"]
[TimeControl "180+1"]
[EndTime "9:57:34 PDT"]
[Termination "Love_craft won by resignation"]

1. e4 g6 2. d4 Bg7 3. Nf3 d6 4. Bc4 Nf6 5. Qe2 c6 6. Bb3 O-O 7. Nc3 b5 8. e5 Ne8 9. Bg5 d5 10. h4 a5 11. a4 b4 12. Na2 f6 13. Be3 Bg4 14. Qd2 Bxf3 15. gxf3 fxe5 16. dxe5 Bxe5 17.
O-O-O e6 18. h5 Qf6 19. hxg6 hxg6 20. Kb1 Nd7 21. Bg5 Bf4 22. Bxf4 Qxf4 23. Qd3 Qf5 24. Qd4 Qf6 25. Qg4 Rf7 26. Rdg1 Rg7 27. Qh3 c5 28. Nc1 c4 29. Ba2 Nc7 30. Ne2 Kf7 31. f4 Rf8 32.
Qe3 Na6 33. Qa7 Nc5 34. Qxa5 b3 35. cxb3 cxb3 36. Nc3 bxa2+ 37. Kxa2 Kg8 38. Rh2 Ne4 39. Rgh1 Nxc3+ 40. bxc3 Kf7 41. Qc7 Qe7 42. Rh7 Rg8 43.
Qa7 Nf6 44. Qd4 Rxh7 45. Rg1 Rhg7 46. Re1 Rf8 47. f5 gxf5 48. a5 Kg8 49. a6 Ne4 50. Rb1 Qa7 51. Kb2 Qxd4 52. cxd4 Rb8+ 53. Kc1 Rxb1+ 0-1

[Event "*** SCC Grand Prix: Titled Tuesday Blitz"]
[Site "Chess.com"]
[Date "2020.06.09"]
[Round "5"]
[White "Flawless_Fighter"]
[Black "FontVella8"]
[Result "1-0"]
[WhiteElo "2607"]
[BlackElo "2434"]
[TimeControl "180+1"]
[EndTime "9:57:36 PDT"]
[Termination "Flawless_Fighter won on time"]

1. e4 c6 2. d4 d5 3. exd5 cxd5 4. Bd3 Nc6 5. c3 Nf6 6. h3 e6 7. Nf3 Bd6 8. O-O O-O 9. Qe2 Qc7 10. Re1 Re8 11.
Ne5 Ne7 12. Nd2 Ng6 13. Nxg6 hxg6 14. Nf3 Nd7 15. Bd2 b6 16. Ne5 Nf8 17. Qg4 a5 18.
Bb5 Rd8 19. Re3 Ba6 20. Bxa6 Rxa6 21. a4 Ra7 22. Qh4 f6 23. Nd3 g5 24. Qg4 Qf7 25. Rae1 Re7 26. f4 gxf4 27. Nxf4 e5 28. Nh5 Qg6 29.
Ng3 Qxg4 30. hxg4 g6 31. R3e2 e4 32. Nf1 Rde8 33. Ne3 Bg3 34. Nxd5 Bxe1 35. Nxe7+ Rxe7 36. Bxe1 f5 37. gxf5 gxf5 38. Bg3 Ng6 39. Bb8 f4 40. g3 f3 41. Re3 Kf7 42. Kf2 Kf6 43. Re1 Kf5 44.
Ke3 Rh7 45. Rg1 Kg4 46. Kxe4 Rh2 47. b4 Re2+ 48. Kd3 f2 49. Rf1 Kf3 50. bxa5 Re1 51. Rxf2+ Kxf2 52. a6 Re8 53. a7 Rf8 54. a8=Q 1-0

[Event "*** SCC Grand Prix: Titled Tuesday Blitz"]
[Site "Chess.com"]
[Date "2020.06.09"]
[Round "5"]
[White "KhatanbaatarBazar"]
[Black "Morshynska"]
[Result "1-0"]
[WhiteElo "2468"]
[BlackElo "2210"]
[TimeControl "180+1"]
[EndTime "9:57:36 PDT"]
[Termination "KhatanbaatarBazar won by resignation"]

1. e4 Nc6 2. Nf3 d6 3. h3 g6 4.
d4 Bg7 5. c3 e5 6. dxe5 Nxe5 7. Nxe5 dxe5 8. Qxd8+ Kxd8 9. Bc4 Be6 10. Bxe6 fxe6 11. Be3 b6 12. Nd2 Nf6 13. O-O-O Ke7 14.
f3 h5 15. Nc4 Nh7 16. f4 exf4 17. Bxf4 Rac8 18. Be5 Nf6 19. Rhf1 Rhg8 20. Rd4 Nd7 21. Bxg7 Rxg7 22. e5 a5 23. Rfd1 Nf8 24.
a4 Rf7 25. R1d2 Rf1+ 26. Kc2 g5 27. Kb3 Rb8 28. Ka2 Rc8 29. Ne3 Rf7 30. h4 g4 31.
Nc4 Ra8 32. Na3 Ng6 33. Nc4 Kf8 34. g3 Kg7 35. Rd7 Rf8 36. Kb3 Rxd7 37. Rxd7+ Rf7 38.
Rd3 Re7 39. Kc2 Rf7 40. Kd2 Kf8 41. Ke2 Ke7 42. Re3 Rf5 43. b4 axb4 44. cxb4 Rf8 45. a5 bxa5 46. Nxa5 Kd7 47. Rd3+ Kc8 48. Nc6 Kb7 49.
b5 Kb6 50. Rb3 Rf5 51. Re3 Kxb5 52. Nd4+ Kc4 53. Nxf5 exf5 54. e6 Ne7 55. Rd3 f4 56. gxf4 c5 57. Rd7 Nf5 1-0

[Event "*** SCC Grand Prix: Titled Tuesday Blitz"]
[Site "Chess.com"]
[Date "2020.06.09"]
[Round "5"]
[White "giantslayer83"]
[Black "g3god"]
[Result "1/2-1/2"]
[WhiteElo "2726"]
[BlackElo "2881"]
[TimeControl "180+1"]
[EndTime "9:57:37 PDT"]
[Termination "Game drawn by repetition"]

1. d4 Nf6 2. c4 e6 3. Nf3 b6 4. a3 Bb7 5. Nc3 d5 6. cxd5 Nxd5 7. Qc2 Nxc3 8. bxc3 c5 9. e4 Nd7 10. Bd3 Qc7 11. O-O cxd4 12. cxd4 Qxc2 13. Bxc2 Rc8 14. Bd3 Be7 15. Bb2 O-O 16. h3 Rfd8 17. Rad1 Bf6 18. e5 Be7 19. Nd2 Nb8 20. Rc1 Nc6 21. Be4 Na5 22.
Bxb7 Nxb7 23. Rxc8 Rxc8 24. Rc1 Rxc1+ 25. Bxc1 Bg5 26.
g3 Bxd2 27. Bxd2 Nd8 28. Kg2 Nc6 29. Bc3 Kf8 30. Kf3 Ke8 31. Ke4 Ne7 32. Bb4 Nd5 33.
Bd6 Kd7 34. f4 f5+ 35. Kd3 h5 36. h4 Kc6 37. a4 b5 38. axb5+ Kxb5 39. Bf8 g6 40.
Bc5 a5 41. Bd6 Nb6 42. Bc5 Nd5 43. Bf8 Nb4+ 44. Bxb4 axb4 45. d5 exd5 46. Kd4 Kc6 47. Kd3 Kc5 48. Kd2 d4 49. Kc2 Kd5 50. Kd3 b3 51.
Kd2 Kc5 52. Kd3 Kd5 53. Kd2 Kc5 54. Kd3 Kc6 55. Kd2 Kd5 56. Kd3 Kc5 57. Kd2 Kc6 58.
Kd3 Kc5 59. Kd2 Kd5 60. Kd3 Ke6 61. Kd2 Kd7 62. Kd3 Kc7 63. Kd2 Kb6 64. Kd3 Kb5 65. Kd2 Kc5 1/2-1/2

[Event "*** SCC Grand Prix: Titled Tuesday Blitz"]
[Site "Chess.com"]
[Date "2020.06.09"]
[Round "5"]
[White "Nara_Kh"]
[Black "Margarita2907"]
[Result "0-1"]
[WhiteElo "2277"]
[BlackElo "2054"]
[TimeControl "180+1"]
[EndTime "9:57:39 PDT"]
[Termination "Margarita2907 won by checkmate"]

1. e4 c5 2. Be2 d6 3. f4 g6 4.
Nf3 Bg7 5. O-O e6 6. d4 cxd4 7. Na3 Nc6 8. Kh1 a6 9. Bc4 Nge7 10. Ng5 O-O 11. Qg4 h6 12. Nf3 d5 13. Bb3 dxe4 14. Ne5 Nxe5 15. fxe5 e3 16. Nc4 b5 17. Nd6 Bxe5 18.
Nxf7 Rxf7 19. Rxf7 Kxf7 20. Qf3+ Kg7 21. Qxa8 Qf8 22.
Qf3 Qxf3 23. gxf3 Nf5 24. c3 d3 25. Bxe3 Nxe3 26. Kg1 d2 27. Kf2 Nc4 28. Bxc4 bxc4 29. Rd1 Bf4 30. h3 e5 31. Ke2 Kf6 32. b3 cxb3 33.
axb3 Bxh3 34. c4 Bd7 35. Rh1 h5 36. Ra1 Bc8 37. c5 Ke6 38. b4 Kd5 39. Rg1 Bf5 40. Ra1 Bd7 41. Kd1 Bb5 42. Ra3 Kc4 43. c6 Bxc6 44. Kc2 Kxb4 45. Rxa6 Ba4+ 46. Rxa4+ Kxa4 47. Kd1 h4 48. Ke2 h3 49. Kf2 h2 50. Kg2 h1=Q+ 51. Kxh1 d1=Q+ 52. Kg2 Qe2+ 53. Kh3 Qxf3+ 54. Kh4 Qg3# 0-1

[Event "*** SCC Grand Prix: Titled Tuesday Blitz"]
[Site "Chess.com"]
[Date "2020.06.09"]
[Round "5"]
[White "MateSchmate"]
[Black "davidkalashian"]
[Result "0-1"]
[WhiteElo "2430"]
[BlackElo "2603"]
[TimeControl "180+1"]
[EndTime "9:57:40 PDT"]
[Termination "davidkalashian won by checkmate"]

1. e4 c6 2. Bc4 g6 3. Bb3 Bg7 4.
Nf3 d6 5. d4 Nf6 6. Nc3 O-O 7. h3 b5 8. a3 a5 9. Be3 Bb7 10. Qd2 b4 11. axb4 axb4 12. Na4 Nxe4 13. Qxb4 Qa5 14. Qxa5 Rxa5 15. O-O Nd7 16. Nc3 Rxa1 17.
Rxa1 Nxc3 18. bxc3 Ra8 19. Rxa8+ Bxa8 20. Ng5 e6 21.
Nxe6 Nb6 22. Nc7 Bb7 23. Ne8 Bf8 24. Bf4 d5 25. Nf6+ Kh8 26. Bc7 Nc8 27. Nd7 Bd6 28.
Bd8 Ba6 29. Ba4 Na7 30. Bf6+ Kg8 31. Be5 Ba3 32. Nf6+ Kf8 33. Nd7+ Ke7 34. Nf6 h5 35. g4 hxg4 36. hxg4 Be2 37. g5 Nb5 38. Bxb5 Bxb5 39. Ng8+ Ke6 40. Nf6 Ba4 41. f4 Bxc2 42. Kf2 Bb2 43. Kf3 Bxc3 44. Ne8 Bd1+ 45. Ke3 Ba5 46. Ng7+ Ke7 47. f5 Bc2 48. f6+ Kd7 49. Kf4 Bd2+ 50.
Kf3 Bc3 51. Kg4 c5 52. Nh5 gxh5+ 53. Kxh5 Bg6+ 54. Kh6 Bxd4 55. Bf4 c4 56. Kg7 c3 57.
Bc1 c2 58. Kf8 Bc5+ 59. Kg7 d4 60. Ba3 Bxa3 61. Kh6 Bf8# 0-1

[Event "*** SCC Grand Prix: Titled Tuesday Blitz"]
[Site "Chess.com"]
[Date "2020.06.09"]
[Round "5"]
[White "Borsuk_Konstantin"]
[Black "Ekka83"]
[Result "1-0"]
[WhiteElo "2568"]
[BlackElo "2396"]
[TimeControl "180+1"]
[EndTime "9:57:42 PDT"]
[Termination "Borsuk_Konstantin won by resignation"]

1. d4 Nf6 2. c4 g6 3. Nc3 Bg7 4. e4 O-O 5. Be3 d6 6. f3 e5 7.
d5 Nh5 8. Qd2 f5 9. O-O-O Na6 10. Bd3 Nc5 11. Bc2 a5 12. Nge2 Bd7 13. Kb1 Nf6 14.
Bg5 Qe8 15. exf5 gxf5 16. Bh6 Bxh6 17. Qxh6 Qg6 18. Qd2 Kh8 19. g4 e4 20. g5 Nh5 21.
f4 Rae8 22. Qe3 Kg8 23. Ng3 Ng7 24. h4 h5 25. Rd2 Re7 26. Bd1 Be8 27. Be2 Bf7 28.
Rg1 Rfe8 29. b3 Qh7 30. Kb2 Bg6 31. Nb5 Qh8 32. Kb1 Qh7 33. Nd4 Qh8 34. a3 Qh7 35.
b4 axb4 36. axb4 Na6 37. Rb2 Ra8 38. Rd1 Ne8 39. Rdd2 Qf7 40. Ra2 Rd8 41. Rdb2 Ng7 42. Rb3 Qe8 43. Kb2 c5 44. dxc6 Rb8 45. cxb7 Nc7 46.
b5 Rxb7 47. Nc6 Nce6 48. Nxe7+ Qxe7 49. Ra8+ Kh7 50. Rba3 Nc5 51. Qd4 Nd3+ 52. Bxd3 exd3 53. Rxd3 Qe1 54. Ra1 Qb4+ 55. Rb3 Qc5 56. Qxc5 dxc5 57. b6 Ne6 58. Ra7 Nd8 59. Rxb7+ Nxb7 60. Ra3 Be8 61. Ra7 Bc6 62. Nxf5 Kg6 63. Ne7+ 1-0

[Event "*** SCC Grand Prix: Titled Tuesday Blitz"]
[Site "Chess.com"]
[Date "2020.06.09"]
[Round "5"]
[White "PetrolulSah"]
[Black "trriinu"]
[Result "0-1"]
[WhiteElo "2246"]
[BlackElo "2022"]
[TimeControl "180+1"]
[EndTime "9:57:42 PDT"]
[Termination "trriinu won by checkmate"]

1. d4 g6 2. e4 Bg7 3. c4 c5 4.
d5 d6 5. Nc3 Nf6 6. f4 Nbd7 7.
Nf3 Qc7 8. Bd3 a6 9. O-O O-O 10. a4 e5 11. fxe5 Nxe5 12. Nxe5 dxe5 13. Bg5 Ne8 14.
Qd2 Nd6 15. Bf6 Ne8 16. Bg5 Qd6 17. Rf2 Bd7 18. Raf1 Rb8 19. h4 f6 20. Bh6 Rf7 21. Bxg7 Nxg7 22. Qh6 Rbf8 23. a5 Qc7 24. Ne2 Nh5 25.
Qd2 Bg4 26. b4 cxb4 27. Qxb4 Bxe2 28. Bxe2 Nf4 29. c5 Rc8 30. Rc1 Qd7 31. Qb6 f5 32. c6 bxc6 33. dxc6 Qd2 34. Re1 Qxe1+ 35. Bf1 Nd3 36.
Rc2 fxe4 37. Kh2 Qxf1 38. Qxa6 Qf4+ 39. Kh3 Qf5+ 40. Kh2 Ne1 41. Qxc8+ Qxc8 42. Re2 Nd3 43. Rxe4 Qxc6 44. Re3 e4 45. h5 Qd6+ 46. Rg3 Rf4 47. Kh3 Rf6 48. hxg6 hxg6 49. a6 Qxa6 50. Kh4 Kg7 51.
Kh3 Qb5 52. Rg4 Qh5+ 53. Rh4 Nf2+ 54. Kg3 Qg5+ 55. Kh2 Qxh4+ 56. Kg1 Qh1# 0-1

[Event "*** SCC Grand Prix: Titled Tuesday Blitz"]
[Site "Chess.com"]
[Date "2020.06.09"]
[Round "5"]
[White "Bulldog167"]
[Black "Tesla37"]
[Result "1-0"]
[WhiteElo "2790"]
[BlackElo "2912"]
[TimeControl "180+1"]
[EndTime "9:57:43 PDT"]
[Termination "Bulldog167 won by checkmate"]

1. d4 Nf6 2. c4 d6 3. Nc3 Nbd7 4.
Nf3 e5 5. Bg5 h6 6. Bh4 c6 7. e3 Be7 8. Qc2 Qc7 9. Be2 b6 10. O-O Bb7 11. Rfd1 O-O 12. b4 Rfe8 13. a4 a5 14. b5 c5 15. dxe5 dxe5 16. Nd2 Rad8 17. Bf3 Bxf3 18. Nxf3 Qb7 19. Bxf6 Bxf6 20.
Qe4 Qb8 21. Nd5 g6 22. Rd2 Bg7 23. g4 f5 24. gxf5 gxf5 25. Qxf5 e4 26. Rad1 exf3 27.
Nf4 Nf8 28. Qg4 Rxd2 29. Rxd2 Qe5 30. Qxf3 Ne6 31. Qd5 Qf6 32. Qc6 Re7 33. Rd6 Qa1+ 34. Kg2 Nxf4+ 35. exf4 Qe1 36. Rd8+ Kh7 37. Rb8 Bd4 38.
Qf3 Rg7+ 39. Kh3 Qf1+ 40. Kh4 Qxc4 41. Qe4+ Rg6 42. Rb7+ Kh8 43. Rb8+ Kh7 44. Rb7+ Kh8 45. Rb8+ Rg8 46. Rxg8+ Qxg8 47. Qc6 Qd8+ 48. Kh5 Bg7 49. f5 Qf6 50. Kg4 Qxc6 51. bxc6 Be5 52. f6 Bc7 53. Kf5 Kg8 54. Ke6 c4 55. Ke7 c3 56. f7+ Kh7 57. f8=Q c2 58. Kf7 c1=Q 59. Qg8# 1-0

[Event "*** SCC Grand Prix: Titled Tuesday Blitz"]
[Site "Chess.com"]
[Date "2020.06.09"]
[Round "5"]
[White "Reader777"]
[Black "chessmaugli"]
[Result "1/2-1/2"]
[WhiteElo "2596"]
[BlackElo "2456"]
[TimeControl "180+1"]
[EndTime "9:57:45 PDT"]
[Termination "Game drawn by repetition"]

1. d4 Nf6 2. c4 e6 3. g3 c5 4.
Nf3 cxd4 5. Nxd4 Nc6 6. Bg2 a6 7. O-O Be7 8. Nc3 O-O 9. b3 Qc7 10. Bb2 d6 11. Rc1 Nxd4 12. Qxd4 Bd7 13. Rfd1 Rac8 14.
h3 Qb8 15. Ba3 Ne8 16. Ne4 Rc6 17. Bb2 b5 18. cxb5 Rxc1 19. Rxc1 axb5 20. Rd1 Bc6 21. Qd2 Bxe4 22. Bxe4 d5 23. Bg2 Bf6 24. Ba3 Nd6 25. Rc1 Rd8 26. Qa5 h5 27. Qc7 Qxc7 28. Rxc7 Ne4 29.
Bxe4 dxe4 30. Rc2 Rd1+ 31. Kg2 Be5 32. Bc5 f5 33. a4 bxa4 34. bxa4 Ra1 35. Rc4 Kf7 36. Bd4 Bxd4 37. Rxd4 Kf6 38. e3 Ra2 39. Rb4 g5 40. g4 h4 41. gxf5 exf5 42. Rb6+ Ke5 43.
Rb5+ Ke6 44. a5 Kf6 45. Rb6+ Ke5 46. Rb5+ Kf6 47. Kg1 f4 48. Rb6+ Kf5 49. Rb5+ Kf6 50. Rb6+ Kf5 51. a6 f3 52. Rb5+ Kf6 53. Rb6+ Kf5 54.
Rb5+ Kf6 55. Rb6+ Kf5 1/2-1/2

[Event "*** SCC Grand Prix: Titled Tuesday Blitz"]
[Site "Chess.com"]
[Date "2020.06.09"]
[Round "5"]
[White "OdChessWorld"]
[Black "Vuk2000"]
[Result "0-1"]
[WhiteElo "2766"]
[BlackElo "2628"]
[TimeControl "180+1"]
[EndTime "9:57:48 PDT"]
[Termination "Vuk2000 won by checkmate"]

1. c4 e5 2. Nc3 Nc6 3. Nf3 g6 4. g3 Bg7 5. Bg2 d6 6. O-O Be6 7. d3 h6 8. Rb1 Qd7 9. b4 Bh3 10. b5 Nd8 11. a4 Bxg2 12. Kxg2 Ne7 13. a5 a6 14. b6 c6 15. Bb2 O-O 16. d4 exd4 17. Nxd4 Ne6 18. Ne4 Rad8 19. Nxe6 Qxe6 20. Bxg7 Qxe4+ 21. f3 Qxc4 22. Bxf8 Kxf8 23. Qc1 Qxc1 24. Rbxc1 c5 25. Rfd1 Nc6 26. Kf2 Ke7 27. Ra1 d5 28.
e3 Kd6 29. Ra4 Rd7 30. h4 Ke6 31. g4 Ne5 32. Ke2 f6 33. Rg1 d4 34. exd4 cxd4 35.
f4 Nc6 36. Kf3 Rd5 37. Raa1 Nxa5 38. Rae1+ Kd6 39. h5 gxh5 40. gxh5 Rxh5 41. Rg6 Nc6 42. Rxf6+ Kc5 43. Re7 Nxe7 44. Rf7 Nc6 45. Rxb7 Rd5 46. Ke2 Rf5 47. Rh7 Kxb6 48. Rxh6 Rxf4 49. Kd3 Rf3+ 50.
Kc4 Rc3+ 51. Kd5 Rc5+ 52. Ke4 a5 53. Kd3 Rc3+ 54. Kd2 Kb5 55. Rh1 Nb4 56. Rb1 Rc2+ 57. Kd1 Kc4 58. Rxb4+ axb4 59. Kxc2 b3+ 60. Kb2 Kd3 61.
Kxb3 Ke2 62. Kb2 d3 63. Kc3 d2 64. Kc2 d1=Q+ 65. Kb2 Qd3 66. Ka1 Ke3 67. Kb2 Kd4 68.
Kc1 Kc4 69. Kb2 Kb4 70. Kc1 Qe2 71. Kb1 Kb3 72. Kc1 Qe1# 0-1

[Event "*** SCC Grand Prix: Titled Tuesday Blitz"]
[Site "Chess.com"]
[Date "2020.06.09"]
[Round "5"]
[White "Igor_Lysyj"]
[Black "Moon_stone123"]
[Result "1/2-1/2"]
[WhiteElo "2736"]
[BlackElo "2467"]
[TimeControl "180+1"]
[EndTime "9:57:48 PDT"]
[Termination "Game drawn by agreement"]

1. d4 Nf6 2. c4 g6 3. Nc3 Bg7 4. e4 d6 5. Nf3 O-O 6. Be2 c5 7.
d5 e6 8. O-O exd5 9. exd5 Bf5 10. Nh4 Bc8 11. h3 Re8 12. Nf3 Ne4 13. Nxe4 Rxe4 14. Bd3 Re8 15. Bg5 Qc7 16. Qd2 Nd7 17. Rae1 Ne5 18. Nxe5 Rxe5 19. Rxe5 Bxe5 20. f4 Bd4+ 21.
Kh1 f5 22. Re1 Bd7 23. Re7 Re8 24. Qe2 Qd8 25. b3 Kf8 26. Re6 Qc8 27. Re7 Qd8 28.
Rxe8+ Qxe8 29. Qxe8+ Kxe8 30. g3 a6 31. a4 h5 32. Kg2 Bc8 33. g4 hxg4 34. hxg4 Bd7 35. Kg3 Bc8 36. gxf5 Bxf5 37. Bxf5 gxf5 38. Kh4 Kf7 39.
Kh5 Be3 40. Kh6 Bc1 41. Kh5 Bd2 42. Bh6 Kf6 43. Kh4 Be1+ 44. Kh5 Bd2 45. Bg5+ Kf7 46. Kh4 Be1+ 47. Kh3 Bd2 48. Kg3 Ba5 49. Kf3 Bd2 50. Bd8 Bc3 51. Bc7 Ke7 52. Bb6 Kd7 53. Kg3 Be1+ 54.
Kh3 Kc8 55. a5 Kd7 56. Kg2 Kc8 57. Kf3 Bb4 58. Kg3 Be1+ 59. Kh3 Kd7 60. Kg2 Kc8 61. Kf3 1/2-1/2

[Event "*** SCC Grand Prix: Titled Tuesday Blitz"]
[Site "Chess.com"]
[Date "2020.06.09"]
[Round "5"]
[White "Indianlad"]
[Black "Funo09"]
[Result "1-0"]
[WhiteElo "2992"]
[BlackElo "2812"]
[TimeControl "180+1"]
[EndTime "9:57:49 PDT"]
[Termination "Indianlad won by checkmate"]

1. e4 c5 2. Nc3 Nc6 3. Bb5 Nd4 4. Nf3 Nxb5 5. Nxb5 a6 6. Nc3 d6 7. d4 cxd4 8. Qxd4 e5 9. Qd3 Be7 10. Be3 Nf6 11.
O-O-O O-O 12. Bg5 Ne8 13. h4 Be6 14. Nd5 f6 15. Be3 Rf7 16. Kb1 Bf8 17. h5 Rc8 18.
Nh4 b5 19. Nf5 Rc4 20. g4 Qb8 21. Rhg1 Nc7 22. b3 Nxd5 23. exd5 Bc8 24. g5 e4 25. Qd2 Bxf5 26. bxc4 bxc4+ 27. Ka1 fxg5 28. Bxg5 g6 29. h6 Rb7 30. Rb1 Rb5 31. Rxb5 Qxb5 32. Rb1 Qc5 33. c3 Qc7 34. Qd4 e3 35. Rb2 exf2 36. Rxf2 Qc8 37. Re2 Qb8 38. Re1 Qb5 39.
Qd2 a5 40. Qb2 Qxd5 41. Qc1 a4 42. Be7 Qd3 43. Bxf8 Kxf8 44. Rd1 Qg3 45. Qd2 Ke7 46. Re1+ Kd7 47. Kb2 g5 48. Re3 Qf4 49. Qe2 Bd3 50. Re7+ Kc6 51. Qg2+ d5 52. Re6+ Kd7 53. Qxd5+ Kc7 54. Rc6+ Kb8 55. Qb5+ Ka8 56. Ra6# 1-0

[Event "*** SCC Grand Prix: Titled Tuesday Blitz"]
[Site "Chess.com"]
[Date "2020.06.09"]
[Round "5"]
[White "AungTZ"]
[Black "FrogMist"]
[Result "0-1"]
[WhiteElo "2114"]
[BlackElo "2369"]
[TimeControl "180+1"]
[EndTime "9:57:49 PDT"]
[Termination "FrogMist won by checkmate"]

1. e4 e5 2. Nf3 Nc6 3. d4 exd4 4.
Nxd4 Nge7 5. Nc3 g6 6. Bg5 Bg7 7. Nb3 h6 8. Bh4 O-O 9. Nd5 Re8 10. Nf6+ Kh8 11. Be2 g5 12. Nxe8 Bxb2 13. Bg3 Bc3+ 14. Nd2 Qxe8 15. Rb1 d6 16. O-O Ng6 17. Rb3 Bg7 18.
Bh5 Be6 19. Rxb7 Nce5 20. Nb3 Qc6 21. Rb4 a5 22. Nd4 Qxe4 23. Rb1 c5 24. Nxe6 fxe6 25. Re1 Qd4 26. Qxd4 cxd4 27. Bxg6 Nxg6 28. Rxe6 Kh7 29. Rxd6 h5 30. h3 Rc8 31. Rd5 Rxc2 32. Rxa5 h4 33. Bd6 Kh6 34. Rd1 Bf6 35. Ra6 Kg7 36. Ra7+ Kh6 37.
Bb4 Nf4 38. Bd6 Ne2+ 39. Kf1 Nc3 40. Re1 d3 41. Ra6 Kh5 42. Bb4 Bd4 43. Bxc3 Bxc3 44.
Kg1 Bxe1 45. Rd6 d2 46. Kf1 Rxa2 47. Ke2 Ra1 48. f3 d1=Q+ 49. Rxd1 Rxd1 50. Kxd1 Bg3 51.
Ke2 Bf4 52. Kf1 Kg6 53. Kf2 Kf5 54. Ke2 Ke5 55. Kf2 Kd4 56. Ke2 Kc3 57. Kf2 Kd3 58. Kf1 Bg3 59. Kg1 Ke2 60. Kh1 Bf4 61. Kg1 Be3+ 62.
Kh2 Kf1 63. Kh1 Bg1 64. f4 gxf4 65. g3 hxg3 66. h4 g2# 0-1